 Dungeon Crawl Stone Soup version 0.20.1-1-g8b1a95d (webtiles) character file.

2918 Linguinho the Twirler (level 9, -13/75 HPs)
             Began as a Demonspawn Fighter on Nov 9, 2017.
             Was a Follower of Ashenzari.
             Mangled by an orc warrior
             ... wielding a +0 battleaxe
              (16 damage)
             ... on level 9 of the Dungeon.
             The game lasted 00:16:47 (7924 turns).

Linguinho the Twirler (Demonspawn Fighter)          Turns: 7924, Time: 00:16:47

Health: -13/75     AC: 20    Str: 29    XL:     9   Next: 50%
Magic:  9/9        EV: 17    Int:  9    God:    Ashenzari [*.....]
Gold:   324        SH:  0    Dex: 18    Spells: 8/8 levels left

rFire    x . .     SeeInvis .   v - +2 quarterstaff (chaos)
rCold    + . .     Gourm    .   (shield currently unavailable)
rNeg     . . .     Faith    .   b - +0 scale mail
rPois    +         Spirit   .   (helmet restricted)
rElec    .         Reflect  .   w - +2 cloak {rPois} (curse)
rCorr    .         Harm     .   x - +2 pair of gloves
MR       +....                  (no boots)
Stlth    ++........             (no amulet)
Regen    0.3/turn               k - ring of ice
MPRegen  0.2/turn               r - +4 ring of strength (curse)

@: mighty, agile, sanguine armour
A: antennae 2, magic resistance 1, powered by death 1, robust 1, sanguine armour
1
a: Curse Item, Scrying, Renounce Religion


You were on level 9 of the Dungeon.
You worshipped Ashenzari.
Ashenzari was aware of your devotion.
You were not hungry.

You visited 1 branch of the dungeon, and saw 9 of its levels.

You collected 324 gold pieces.

Inventory:

Hand Weapons
 a - a +0 war axe
 e - a +1 dagger of speed
 v - a +2 quarterstaff of chaos (weapon)
Armour
 b - a +0 scale mail (worn)
 w - a cursed +2 cloak of poison resistance (worn)
 x - a +2 pair of gloves (worn)
 y - a +1 large shield
Jewellery
 k - a ring of ice (left hand)
 r - a cursed +4 ring of strength (right hand)
 t - an uncursed ring of resist corrosion
Wands
 m - a wand of polymorph (8/24)
 n - a wand of confusion (30/48)
 z - a wand of paralysis (12/24)
Scrolls
 o - a scroll of magic mapping
 A - a scroll of amnesia
Potions
 d - 2 potions of might
 i - a potion of degeneration {unknown}
 q - a potion of invisibility {unknown}
 s - a potion of curing
Books
 j - a book of Maledictions

   Spells                             Type                      Level
   a - Corona                         Hexes                        1
   b - Ensorcelled Hibernation        Hexes/Ice                    2
   c - Confuse                        Hexes                        3
   d - Tukima's Dance                 Hexes                        3
   e - Dazzling Spray                 Conjuration/Hexes            3
Comestibles
 f - 3 bread rations
 g - 5 meat rations
 l - 8 fruits


   Skills:
 + Level 6.1 Fighting
 + Level 4.6 Axes
 + Level 7.2 Staves
 + Level 5.5 Armour
 - Level 3.1 Dodging
 - Level 1.8 Stealth
 + Level 4.0 Shields


You had 8 spell levels left.
You didn't know any spells.

Dungeon Overview and Level Annotations

Branches:
Dungeon (9/15)             Temple (0/1) D:5
   Lair: D:8-11         Orc: D:9-12

Altars:
Ashenzari
Qazlal
Zin


Innate Abilities, Weirdness & Mutations

You have a pair of antennae on your head.
You regenerate a little health from kills.
When seriously injured, your bleeding wounds create armour. (AC +6)
You are resistant to hostile enchantments. (MR+)
You are robust. (+10% HP)


Message History

Okay, then.
You feel very mighty all of a sudden. Something hits you!
* * * LOW HITPOINT WARNING * * *
You barely miss something.
Okay, then.
You feel better. Something barely misses you.
You miss something. Something hits you but does no damage.
You miss something. You barely miss something. Something hits you!
* * * LOW HITPOINT WARNING * * *
Unknown command.
Found 17 gold pieces.
A killer bee comes into view.
Found a murky dark potion and a scroll of magic mapping.
Okay, then.
It was a potion of agility.
You feel agile all of a sudden. The killer bee barely misses you.
Something hits you!
You die...

###.....## #.....?..##
#.........## ######
#........... #....#
#..........#
######..#.###..........#
......................#
#........#...{@.....#
#.<....!......y.....#
#..<..................
#.......................
.........##.............
..........##.$..........
..........####..........
..........# .........!.
........... #.......#.


You could see a killer bee.

Vanquished Creatures
  Pikel (D:5)
  Grinder (D:6)
  A hippogriff (D:7)
  2 ice beasts
  2 orc warriors
  A phantom (D:5)
  2 centaurs
  4 ogres
  A big kobold (D:7)
  4 scorpions
  3 killer bees (D:6)
  A crimson imp (D:6)
  2 bullfrog zombies
  5 hounds
  Crazy Yiuf (D:3)
  2 orc wizards (D:6)
  5 worker ants
  A hound skeleton (D:6)
  3 worker ant zombies (D:5)
  4 gnolls (D:2)
  7 adders
  A shadow imp (D:7)
  An ooze (D:2)
  2 adder zombies
  An adder skeleton (D:7)
  5 worms
  A leopard gecko (D:6)
  15 orcs
  2 ball pythons
  7 giant cockroaches
  8 hobgoblins
  5 jackals
  5 quokkas
  6 bats
  3 frilled lizards
  A giant cockroach zombie (D:3)
  8 goblins
  8 kobolds
  2 leopard gecko skeletons
  A leopard gecko zombie (D:5)
  7 rats
142 creatures vanquished.

Notes
Turn   | Place    | Note
-------+----------+-------------------------------------------
     0 | D:1      | Linguinho the Demonspawn Fighter began the quest for the Orb.
     0 | D:1      | Reached XP level 1. HP: 18/18 MP: 1/1
   167 | D:1      | Gained mutation: You have a pair of small antennae on your head. [demonic ancestry]
   167 | D:1      | Reached XP level 2. HP: 11/24 MP: 2/2
   707 | D:2      | Found a faded altar of an unknown god.
   715 | D:2      | Gained mutation: You regenerate a little health from kills. [demonic ancestry]
   715 | D:2      | Reached XP level 3. HP: 29/29 MP: 3/3
   721 | D:2      | HP: 1/29 [gnoll/flail (2)]
  1420 | D:2      | Reached skill level 1 in Dodging
  1429 | D:2      | Gained mutation: When seriously injured, your bleeding wounds create armour. (AC +6) [demonic ancestry]
  1429 | D:2      | Reached XP level 4. HP: 14/35 MP: 4/4
  2531 | D:3      | You fall through a shaft!
  2581 | D:4      | Reached XP level 5. HP: 37/41 MP: 5/5
  3032 | D:4      | Found a shattered altar of Ashenzari.
  3040 | D:4      | Became a worshipper of Ashenzari the Shackled
  3312 | D:3      | Found a stormy altar of Qazlal.
  3896 | D:3      | Gained mutation: You have a pair of antennae on your head. [demonic ancestry]
  3896 | D:3      | Reached XP level 6. HP: 30/47 MP: 6/6
  4073 | D:3      | Found a runed door.
  4077 | D:3      | Noticed Crazy Yiuf
  4084 | D:3      | Killed Crazy Yiuf
  4756 | D:5      | Entered Level 5 of the Dungeon
  5029 | D:5      | Gained mutation: Your body sometimes deteriorates upon taking damage. [potion of mutation]
  5029 | D:5      | Gained mutation: You are resistant to hostile enchantments. (MR+) [potion of mutation]
  5029 | D:5      | Gained mutation: You have a pair of large antennae on your head. (SInv) [potion of mutation]
  5030 | D:5      | Lost mutation: You are resistant to hostile enchantments. (MR+) [potion of mutation]
  5030 | D:5      | Lost mutation: Your body sometimes deteriorates upon taking damage. [potion of mutation]
  5030 | D:5      | Lost mutation: You have a pair of large antennae on your head. (SInv) [potion of mutation]
  5030 | D:5      | Gained mutation: You tend to lose your temper in combat. [potion of mutation]
  5030 | D:5      | Gained mutation: Armour fits poorly on your strangely shaped body. [potion of mutation]
  5030 | D:5      | Gained mutation: You are somewhat resistant to further mutation. [potion of mutation]
  5044 | D:5      | Reached * piety under Ashenzari
  5060 | D:5      | Found a staircase to the Ecumenical Temple.
  5074 | D:5      | Noticed an ice beast
  5082 | D:5      | Killed an ice beast
  5082 | D:5      | Reached skill level 1 in Staves
  5082 | D:5      | Reached XP level 7. HP: 34/53 MP: 7/7
  5177 | D:5      | Lost mutation: Armour fits poorly on your strangely shaped body. [potion of mutation]
  5177 | D:5      | Lost mutation: You tend to lose your temper in combat. [potion of mutation]
  5177 | D:5      | Lost mutation: You are somewhat resistant to further mutation. [potion of mutation]
  5177 | D:5      | Gained mutation: Your spells are a little harder to cast, but a little more powerful. [potion of mutation]
  5177 | D:5      | Lost mutation: Your spells are a little harder to cast, but a little more powerful. [potion of mutation]
  5177 | D:5      | Gained mutation: You are robust. (+10% HP) [potion of mutation]
  5177 | D:5      | Gained mutation: You are resistant to hostile enchantments. (MR+) [potion of mutation]
  5310 | D:5      | Reached skill level 2 in Staves
  5597 | D:5      | Noticed Pikel
  5607 | D:5      | Killed Pikel
  5607 | D:5      | Reached skill level 4 in Staves
  5607 | D:5      | Reached skill level 1 in Stealth
  5607 | D:5      | Reached XP level 8. HP: 44/67 MP: 8/8
  5883 | D:6      | Reached skill level 5 in Fighting
  5944 | D:6      | Noticed Grinder
  5966 | D:6      | Paralysed by Grinder for 4 turns
  5978 | D:6      | Killed Grinder
  5978 | D:6      | Reached skill level 5 in Staves
  5978 | D:6      | Reached skill level 5 in Armour
  6626 | D:6      | Reached XP level 9. HP: 67/74 MP: 9/9
  6867 | D:7      | Reached skill level 6 in Staves
  7186 | D:7      | Reached skill level 7 in Staves
  7542 | D:7      | Found a glowing silver altar of Zin.
  7912 | D:9      | HP: 1/75 [something (10)]
  7924 | D:9      | Mangled by an orc warrior

Skill      XL: |  1  2  3  4  5  6  7  8  9 |
---------------+----------------------------+-----
Axes           | 2 3 4 |  4.6
Armour         | 3 4 5 |  5.5
Shields        | 3 4 |  4.0
Dodging        | 1 2 3 |  3.1
Staves         | 1 4 5 7 |  7.2
Fighting       | 4 5 6 |  6.1
Stealth        | 1 |  1.8

Action                   |  1- 3 |  4- 6 |  7- 9 || total
-------------------------+-------+-------+-------++-------
Melee: War axe           |   135 |   195 |       ||   330
       Quarterstaff      |       |    15 |   276 ||   291
Invok: Curse Item        |       |     1 |     1 ||     2
  Use: Scroll            |       |     6 |     2 ||     8
       Potion            |       |     2 |     6 ||     8
 Stab: Petrifying        |       |       |     2 ||     2
  Eat: Chunk             |     2 |    12 |     7 ||    21
       Royal jelly       |       |       |     1 ||     1
Armor: Scale mail        |   104 |    79 |   139 ||   322
       Skin              |       |       |     3 ||     3
Dodge: Dodged            |    54 |    81 |   122 ||   257
Block: Shield            |    76 |    98 |       ||   174
